 Dungeon Crawl Stone Soup version 0.30.1-4-g462c640d31 (webtiles) character file.

Game seed: 13324519666531146256

936 ChiefBigBeans the Sneak (level 8, 0/40 HPs)
             Began as a Vine Stalker Enchanter on Sept 14, 2023.
             Succumbed to a killer bee's poison
             ... on level 5 of the Dungeon.
             The game lasted 00:09:20 (4067 turns).

ChiefBigBeans the Sneak (Vine Stalker Enchanter)    Turns: 4067, Time: 00:09:21

Health: 0/40       AC:  1    Str: 11    XL:     8   Next: 12%
Magic:  0/15       EV: 12    Int: 15    God:
Gold:   285        SH:  0    Dex: 17    Spells: 15/15 levels left

rFire   . . .        d - +1 dagger (venom)
rCold   + . .        (no shield)
rNeg    . . .        b - +1 robe
rPois   .            m - +0 helmet
rElec   .            s - +0 cloak
rCorr   .            (no gloves)
SInv    .            (no boots)
Will    +....        (no amulet)
Stlth   ++++         l - ring of protection from cold
HPRegen 1.06/turn    (no ring)
MPRegen 0.14/turn

%: guardian spirit
@: lethally poisoned (0 -> -3), corroded, unable to drink
A: fangs 3, regeneration 1, magic shield, antimagic bite, no potion heal 2,
hooves 1, inability to drink after injury 1, MP-powered wands
a: no special abilities


You were on level 5 of the Dungeon.
You visited 1 branch of the dungeon, and saw 7 of its levels.

You collected 285 gold pieces.

Inventory:

Hand Weapons
 a - a +1 dagger
 d - a +1 dagger of venom (weapon)
 i - a +2 dagger of protection
Armour
 b - a +1 robe (worn)
 m - a +0 helmet (worn)
 s - a +0 cloak (worn)
Jewellery
 l - a ring of protection from cold (left hand)
 p - a +4 ring of protection
Wands
 e - a wand of mindburst (18)
 k - a wand of roots (6)
Scrolls
 g - 4 scrolls of identify
 n - a scroll of enchant armour
Potions
 c - 2 potions of invisibility
 f - 2 potions of curing
 j - 2 potions of attraction


   Skills:
 + Level 3.3 Fighting
 + Level 3.5 Short Blades
 - Level 1.5 Dodging
 + Level 6.8 Stealth
 + Level 4.4 Spellcasting
 + Level 4.9 Hexes


You had 15 spell levels left.
You didn't know any spells.
Your spell library contained the following spells:

 Spells                   Type           Power      Damage    Failure   Level
 Confusing Touch          Hex            18%        N/A       7%          3
 Tukima's Dance           Hex            18%        N/A       7%          3
 Ensorcelled Hibernation  Hex/Ice        20%        N/A       10%         2
 Dazzling Flash           Conj/Hex       20%        N/A       19%         3
 Spider Form              Tmut/Pois      3%         N/A       45%         3
 Anguish                  Hex/Necr       5%         N/A       54%         4


Dungeon Overview and Level Annotations

Branches:
Dungeon (7/15)
 Temple: D:4-7

Altars:
Ashenzari
Qazlal
Trog
Uskayaw

Shops:
D:3 (


Innate Abilities, Weirdness & Mutations

You have razor-sharp teeth.
Your natural rate of healing is unusually fast.
When hurt, damage is shared between your health and your magic reserves.
Your bite disrupts and absorbs the magic of your enemies.
Potions cannot restore your health.
You have large cloven feet.
You occasionally lose the ability to drink potions when taking damage.
You expend magic power (3 MP) to strengthen your wands.


Message History

You enter the shallow water.
Moving in this stuff is going to be slow.
The wyvern hisses angrily.
The killer bee buzzes angrily.
Your unstable footing causes you to fumble your attack.
The killer bee misses you.
The killer bee stings you but does no damage.
You barely miss the killer bee.
You kick the killer bee, but do no damage.
The killer bee closely misses you. The killer bee stings you.
You miss the killer bee. Your kick misses the killer bee.
You bite the killer bee, but do no damage.
The killer bee stings you.
You hit the killer bee.
The killer bee is poisoned.
Your kick misses the killer bee. You bite the killer bee. You drain its power.
You feel invigorated.
The killer bee is moderately wounded.
The killer bee closely misses you. The killer bee stings you.
You are poisoned.
The killer bee poisons you!
The killer bee attacks as you move away!
The killer bee stings you.
You feel very sick. The killer bee stings you.
You are more poisoned.
The killer bee poisons you! The killer bee completely misses you.
An adder comes into view.
The wyvern bites you!!
You feel threatened and lose the ability to drink potions!
* * * LOW HITPOINT WARNING * * *
The wyvern attacks as you move away! The wyvern barely misses you.
You enter the shallow water.
Moving in this stuff is going to be slow.
* * * LOW HITPOINT WARNING * * *
You feel very sick. The killer bee stings you!
* * * LOW HITPOINT WARNING * * *
An orc comes into view. It is wielding a +0 dagger.
The killer bee attacks as you move away!
The killer bee barely misses you.
You die...

## ##~ #.~## # #.~~##
##### .#
#.#~~###.#.#.#..#
#...~'.@~yl..S#
###~~###.#.#.#o#
#~~##~######..
#~##~~~~~~~############
#~~~~...~~##~~~~~##~~~~
##..##..~##~~..~##~~.##
#.###..~~~~...~~~~..#
#.# #..........#...##
#.# #..........#.###


You could see a wyvern, a killer bee (very poisoned), an adder (wandering) and
an orc.

Vanquished Creatures
  2 ice beasts (D:5)
  3 phantoms
  2 scorpions
  2 jellies
  A hound (D:4)
  2 iguanas (D:4)
  An orc wizard (D:4)
  A hound skeleton (D:3)
  A hound zombie (D:3)
  Robin (D:3)
  5 adders
  A white imp (D:5)
  An ufetubus (D:5)
  An adder zombie (D:3)
  An adder skeleton (D:3)
  2 worms
  2 dart slugs (D:1)
  6 orcs
  11 ball pythons
  8 endoplasms
  4 giant cockroaches
  14 goblins
  5 hobgoblins
  9 jackals
  7 kobolds
  2 quokkas (D:3)
  2 ball python skeletons (D:3)
  A ball python zombie (D:3)
  3 bats
  6 frilled lizards
  A giant cockroach zombie (D:3)
  A jackal skeleton (D:3)
  2 quokka skeletons (D:3)
  A quokka zombie (D:3)
  5 rats
117 creatures vanquished.

Notes
Turn   | Place    | Note
-------+----------+-------------------------------------------
     0 | D:1      | ChiefBigBeans the Vine Stalker Enchanter began the quest
                  | for the Orb.
     0 | D:1      | Reached XP level 1. HP: 9/9 MP: 4/4
    45 | D:1      | Reached skill level 1 in Short Blades
   100 | D:1      | Reached XP level 2. HP: 9/14 MP: 4/6
   388 | D:1      | Reached skill level 4 in Stealth
   395 | D:1      | Reached XP level 3. HP: 11/17 MP: 5/7
   846 | D:2      | Reached skill level 1 in Fighting
  1193 | D:3      | Gained mutation: Your natural rate of healing is unusually
                  | fast. [Vine Stalker growth]
  1193 | D:3      | Reached XP level 4. HP: 17/22 MP: 6/9
  1313 | D:3      | Found Muted's Antique Weapon Boutique.
  1316 | D:3      | Found a broken altar of Ashenzari.
  1443 | D:3      | Noticed Robin
  1467 | D:3      | Reached skill level 5 in Stealth
  1473 | D:3      | Reached XP level 5. HP: 25/25 MP: 10/10
  1497 | D:3      | Killed Robin
  1905 | D:4      | Gained mutation: You have large cloven feet. [potion of
                  | mutation]
  1905 | D:4      | Gained mutation: You occasionally lose the ability to drink
                  | potions when taking damage. [potion of mutation]
  1905 | D:4      | Gained mutation: You expend magic power (3 MP) to
                  | strengthen your wands. [potion of mutation]
  2109 | D:4      | Noticed a phantom
  2130 | D:4      | Killed a phantom
  2131 | D:4      | Reached XP level 6. HP: 30/30 MP: 11/11
  2359 | D:4      | Found a hide-covered altar of Uskayaw.
  2431 | D:4      | Found a bloodstained altar of Trog.
  2474 | D:4      | You fall into a shaft and drop 3 floors!
  2575 | D:5      | Entered Level 5 of the Dungeon
  2593 | D:5      | Reached skill level 6 in Stealth
  2593 | D:5      | Reached XP level 7. HP: 35/35 MP: 13/13
  3552 | D:5      | Found a stormy altar of Qazlal.
  3672 | D:5      | Gained mutation: You have razor-sharp teeth. [Vine Stalker
                  | growth]
  3672 | D:5      | Reached XP level 8. HP: 40/40 MP: 15/15
  4053 | D:5      | Noticed a wyvern
  4066 | D:5      | HP: 1/40 [killer bee (4)]
  4067 | D:5      | Succumbed to a killer bee's poison

Illustrated notes

Levels and vault maps discovered:
D:1:      tarquinn_simple_flora_water_f, layout_rooms, kennysheep_minor_cross
D:2:      layout_rooms
D:3:      layout_loops_ring, ashenzari_altar_1, serial_shops, shop,
          serial_undead, serial_undead_a, serial_undead_e, serial_undead_e,
          serial_undead_c, serial_undead_b, serial_undead_a,
          kennysheep_big_empty_room, uniq_robin
D:4:      layout_loops_corners, eat_drink_and_be_merry_uskayaw,
          mainiacjoe_overflow_24_doors, grunt_tough_drop
D:5:      layout_basic, mainiacjoe_overflow_brackets, zin_angel, serial_glass,
          glass_columns_a, glass_columns_b, minmay_manual_mullet
D:6:      layout_basic, minmay_temple_entry_slanted, serial_shops,
          nicolae_square_shop, ebering_ghost_sewer_f
D:7:      layout_cave_pools, uniq_prince_ribbit1

Skill      XL: |  1  2  3  4  5  6  7 |
---------------+----------------------+-----
Short Blades   | 1 2 3 |  3.5
Stealth        | 4 5 6 |  6.8
Fighting       | 1 2 3 |  3.3
Spellcasting   | 3 4 |  4.4
Hexes          | 4 |  4.9
Dodging        | |  1.5

Action                     |  1- 3 |  4- 6 |  7- 9 || total
---------------------------+-------+-------+-------++-------
  Melee: Dagger            |   103 |   210 |   103 ||   416
         Bite              |    34 |    66 |    36 ||   136
         Kick              |       |    19 |    35 ||    54
         Punch             |       |     1 |     1 ||     2
    Use: Potion            |     4 |     1 |     2 ||     7
         Scroll            |     3 |     1 |     2 ||     6
   Stab: Sleeping          |    11 |     9 |     1 ||    21
         Distracted        |       |       |     1 ||     1
 Armour: Robe              |    21 |    80 |    26 ||   127
  Dodge: Dodged            |    62 |   105 |    58 ||   225
